Map: Orbital Shipyard

Players

Fiend - Winner!

  • Race: Terran Terran
  • League: Platinum

CalaVera

  • Race: Terran Terran
  • League: Gold

VOD

Have the link to the VOD?

Description

Time

  • Played on: March 27, 2016, 2:46 p.m.
  • Length: 10:30
Show
View Real Time Build Order
Export as new Build Order

Fiend Terran - Winner!

Build Orders: Reaper Expand, MMM Bio 

Get SALT Encoding   

  12  0:00  SCV  
  13  0:13  SCV  
  14  0:18  Supply Depot  
  14  0:25  SCV  
  15  0:30  Refinery  
  15  0:40  SCV  
  16  0:46  Barracks  
  16  0:53  SCV  
  17  1:05  SCV  
  18  1:17  SCV  
  19  1:32  Orbital Command  
  19  1:33  Reaper  
  20  1:46  Command Center  
  20  1:55  Factory  
  20  1:59  SCV  
  21  2:03  Refinery  
  21  2:07  Marine  
  22  2:11  SCV  
  23  2:20  Supply Depot  
  23  2:29  Barracks Reactor  
  23  2:35  SCV  
  23  2:42  Hellion  
  24  2:51  SCV  
  25  3:04  Starport  
  25  3:07  Factory Tech Lab  
  25  3:08  Barracks  
  25  3:09  Marine x2  
  25  3:10  SCV  
  28  3:15  Orbital Command  
  28  3:23  SCV  
  28  3:27  Siege Tank  
  32  3:28  Marine  
  32  3:32  Marine  
  34  3:35  SCV  
  35  3:49  Marine  
  35  3:51  Marine  
  35  3:52  SCV  
  35  3:53  SCV  
  35  3:55  Barracks Tech Lab  
  39  3:57  Medivac  
  39  4:02  Supply Depot  
  41  4:03  Siege Tank  
  41  4:06  SCV  
  41  4:08  SCV  
  46  4:16  Stimpack  
  46  4:23  SCV, Marine x3  
  46  4:24  Supply Depot  
  50  4:29  SCV  
  50  4:31  Supply Depot  
  51  4:38  Barracks, SCV  
  52  4:41  Refinery, Marine  
  52  4:42  Marine  
  52  4:45  Widow Mine, Marine  
  55  4:49  Supply Depot  
  55  4:52  Starport Reactor  
  57  4:54  SCV  
  57  4:55  SCV  
  57  4:58  Marine  
  60  5:03  Marine x2  
  62  5:11  Engineering Bay  
  62  5:12  Engineering Bay  
  62  5:16  Marine  
  63  5:21  Marine x2  
  63  5:22  SCV x2  
  67  5:33  Command Center  
  67  5:35  SCV  
  68  5:36  SCV  
  68  5:38  Barracks Reactor  
  69  5:47  SCV  
  69  5:48  Barracks  
  69  5:49  Marine x3  
  60  6:06  Marine x2  
  60  6:07  Marine  
  63  6:13  Viking  
  61  6:22  Marine  
  61  6:24  Marine x2  
  64  6:34  Viking  
  66  6:42  Marine x2  
  68  6:48  SCV  
  68  6:49  Barracks Reactor  
  68  6:50  Combat Shields  
  69  7:13  Medivac  
  71  7:16  Siege Tank  
  71  7:17  SCV x2  
  76  7:23  Missile Turret  
  76  7:26  Missile Turret  
  76  7:29  Marine x2  
  78  7:37  Orbital Command  
  78  7:40  Marine x2  
  78  7:44  Marine x2  
  82  7:52  SCV x2  
  82  7:57  Terran Infantry Weapons Level 1  
  84  7:59  Terran Infantry Armor Level 1  
  84  8:04  SCV x2  
  84  8:08  Marine x3  
  84  8:09  Marine x2, Liberator  
  84  8:10  Marine  
  88  8:16  SCV  
  85  8:24  Marine  
  85  8:25  Siege Tank  
  85  8:26  Marine x2  
  89  8:27  Viking  
  89  8:31  Marine  
  89  8:32  Marine  
  93  8:44  Marine  
  93  8:45  Marine  
  93  8:46  Marine  
  93  8:56  Supply Depot  
  93  8:58  Supply Depot  
  93  9:02  Armory  
  93  9:17  Marine x6  
  93  9:18  SCV  
  93  9:22  Marine  
  101  9:26  SCV  
  101  9:27  SCV  
  103  9:35  Marine x4  
  107  9:40  Missile Turret, Marine x2  
  109  9:51  Marine  
  108  9:53  Marine  
  109  10:02  Supply Depot  
  108  10:20  Missile Turret  
Show
View Real Time Build Order
Export as new Build Order

CalaVera Terran 

Build Orders: Liberator Opening, Reaper Expand, MMM Bio 

Get SALT Encoding   

  12  0:04  SCV  
  13  0:16  SCV  
  13  0:20  Supply Depot  
  14  0:28  SCV  
  15  0:42  SCV  
  16  0:43  Barracks  
  16  0:51  Refinery  
  16  0:54  SCV  
  17  1:06  SCV  
  18  1:18  SCV  
  19  1:30  Orbital Command  
  19  1:33  Supply Depot  
  19  1:35  Reaper  
  20  1:48  Command Center  
  20  2:06  SCV  
  21  2:17  Factory  
  21  2:18  SCV  
  21  2:20  Refinery, Marine  
  23  2:30  SCV  
  24  2:42  SCV  
  24  2:55  SCV  
  24  2:57  Marine  
  26  3:01  Starport  
  26  3:04  SCV  
  27  3:07  SCV  
  28  3:14  Marine  
  28  3:16  Orbital Command, Refinery  
  28  3:19  Factory Reactor, Refinery  
  29  3:40  SCV  
  30  3:47  Liberator  
  29  3:48  Liberator  
  29  3:52  Barracks, SCV  
  30  3:55  Barracks Tech Lab  
  30  3:56  Barracks  
  30  3:57  Barracks  
  30  4:01  SCV  
  31  4:04  SCV  
  38  4:13  SCV  
  39  4:18  Supply Depot  
  39  4:24  Marine  
  39  4:25  Stimpack  
  39  4:26  SCV x2  
  42  4:38  SCV x2, Widow Mine  
  46  4:50  SCV  
  47  4:56  Barracks Reactor x3  
  47  4:59  Marine  
  48  5:03  SCV x2  
  48  5:04  Medivac  
  48  5:05  Medivac  
  54  5:12  Engineering Bay  
  54  5:49  Marine  
  54  5:58  SCV x2, Marine x3, Widow Mine  
  54  6:02  Supply Depot  
  54  6:03  Supply Depot  
  61  6:07  Marine  
  62  6:22  Command Center  
  62  6:23  SCV x2, Marine x5  
  62  6:25  Marine  
  70  6:26  Widow Mine, Combat Shields  
  72  6:35  SCV x2  
  74  6:41  Marine  
  74  6:43  Marine x3  
  78  6:50  Terran Infantry Weapons Level 1  
  78  6:53  Engineering Bay  
  78  7:12  Marine x3  
  78  7:16  Liberator x2  
  78  7:23  Supply Depot  
  78  7:28  Terran Infantry Armor Level 1  
  78  7:29  Supply Depot x2  
  78  7:31  Supply Depot, Armory  
  78  7:33  SCV x2, Marine x4  
  90  7:45  SCV x2  
  90  7:51  Marauder, Marine  
  95  7:57  SCV  
  96  8:02  Marine x4  
  70  8:31  Marine x5  
  70  8:32  Marine x2  
  70  8:33  Widow Mine  
  68  8:49  Marine  
  69  8:56  Marine x3  
  69  8:57  Marine x3  
  69  9:02  Widow Mine  
  77  9:09  Starport Tech Lab  
  77  9:12  Marine  
  77  9:14  Marine x3  
  77  9:30  Widow Mine  
  79  9:38  SCV  
  79  9:39  SCV, Marine x4, Banshee  
  79  9:43  Supply Depot, Orbital Command  
  88  9:49  Marine x3  
  91  9:57  Marine x2  
  93  10:01  Marine  
  95  10:07  Marine  
Tags
 
Add a new tag
Caveats
  • Supply blocks, unpowered buildings, or Contaminate may cause inaccurate times.
  • Supply counts are checked every 10 seconds.